 Dungeon Crawl Stone Soup version 0.32-a0-391-gce5c0aab1b (webtiles) character file.

Game seed: 3131501015444119893

303859 Sobieck the Warrior (level 21, -3/183 HPs)
             Began as a Coglin Hunter on Feb 19, 2024.
             Was the Champion of Qazlal.
             Slain by Mennas
             ... wielding a +5 trishula of holy wrath
              (31 damage)
             ... on level 3 of the Vaults.
             The game lasted 01:26:28 (32127 turns).

Sobieck the Warrior (Coglin Hunter)                Turns: 32127, Time: 01:26:28

Health: -3/183     AC: 17    Str: 19    XL:     21   Next: 10%
Magic:  26/31      EV: 27    Int: 15    God:    Qazlal [******]
Gold:   2712       SH: 13    Dex: 25    Spells: 20/20 levels left

rFire   + + .        e - +2 hand cannon (flame) {Kasem}
rCold   + + .        w - +5 hand cannon (elec) {Hilda}
rNeg    + + +        N - +3 troll leather armour
rPois   .            A - +1 helmet {SInv}
rElec   .            i - scarf {rC+ rF+}
rCorr   +            E - +2 pair of gloves {Str+3}
SInv    +            u - +2 pair of boots "Ukoschoa" {Fly Will+ Int+7 Dex-4}
Will    +++..        C - amulet "Zotutsec" {Reflect Harm rN++ Regen+ SH+5 Stlth-}
Stlth   +            a - ring of Valah {rN++ Will+ Dex+4 Stlth+}
HPRegen 2.10/turn    F - ring "Azas" {rF+ rC+ rCorr}
MPRegen 0.22/turn

%: harm (+30% outgoing, +20% incoming), repel missiles, reflection
@: protected from physical damage, flying, glowing, silenced, stiff-legged, very
slow
A: off-hand wielding, slow wielding, warmup strikes, warmup strides
}: 2/15 runes: barnacled, gossamer
a: Renounce Religion


You were on level 3 of the Vaults.
You worshipped Qazlal.
Qazlal was exalted by your worship.
You visited 8 branches of the dungeon, and saw 37 of its levels.
You also visited: Sewer and Gauntlet.

You collected 4536 gold pieces.
You spent 1824 gold pieces at shops.

Inventory:

Hand Weapons
 e - a +2 hand cannon of flaming (weapon) {Kasem}
 k - a +2 hand cannon of electrocution
 w - a +5 hand cannon of electrocution (worn) {Hilda}
Missiles
 Z - 8 throwing nets
Armour
 i - a scarf of resistance (worn)
 u - the +2 pair of boots "Ukoschoa" (worn) {Fly Will+ Int+7 Dex-4}
   (You found it on level 5 of the Dungeon)

   Int+7:     It affects your intelligence (+7).
   Dex-4:     It affects your dexterity (-4).
   Will+:     It increases your willpower.
   Fly:       It grants you flight.
 A - a +1 helmet of see invisible (worn)
 E - a +2 pair of gloves of strength (worn)
 N - a +3 troll leather armour (worn)
Jewellery
 a - the ring of Valah (left grasper) {rN++ Will+ Dex+4 Stlth+}
   (You found it in a Gauntlet)

   [ring of willpower]

   Dex+4:     It affects your dexterity (+4).
   rN++:      It greatly protects you from negative energy.
   Will+:     It increases your willpower.
   Stlth+:    It makes you more stealthy.
 f - the ring "Myevoij" {rC+ rN+ Stlth+}
   (You found it on level 2 of the Orcish Mines)

   [ring of positive energy]

   rC+:       It protects you from cold.
   rN+:       It protects you from negative energy.
   Stlth+:    It makes you more stealthy.
 m - the ring of Xom's Fair Game {Will+ Dex+2}
   (You found it on level 1 of the Vaults)

   [ring of willpower]

   Dex+2:     It affects your dexterity (+2).
   Will+:     It increases your willpower.
 o - a ring of poison resistance
 y - a +4 ring of slaying
 B - the ring "Paviuh" {rC+ Str+3}
   (You took it off a merfolk impaler on level 4 of the Shoals)

   [ring of protection from cold]

   Str+3:     It affects your strength (+3).
   rC+:       It protects you from cold.
 C - the amulet "Zotutsec" (around neck) {Reflect Harm rN++ Regen+ SH+5 Stlth-}
   (You found it on level 7 of the Dungeon)

   [amulet of reflection]

   Reflect:   It reflects blocked missile attacks.
   rN++:      It greatly protects you from negative energy.
   Regen+:    It increases your rate of health regeneration.
   SH+5:      It affects your SH (+5).
   Harm:      It increases damage dealt and taken.
   Stlth-:    It makes you less stealthy.
 D - the ring of Jevue {+Blink Dex+3 SInv}
   (You found it on level 7 of the Dungeon)

   [ring of see invisible]

   Dex+3:     It affects your dexterity (+3).
   SInv:      It lets you see invisible.
   +Blink:    It lets you blink.
 F - the ring "Azas" (right grasper) {rF+ rC+ rCorr}
   (You found it on level 3 of the Lair of Beasts)

   [ring of resist corrosion]

   rF+:       It protects you from fire.
   rC+:       It protects you from cold.
   rCorr:     It protects you from acid and corrosion.
Wands
 I - a wand of iceblast (50)
 O - a wand of mindburst (33)
 P - a wand of paralysis (32)
 Y - a wand of acid (18)
Scrolls
 b - a scroll of butterflies
 h - 5 scrolls of fear
 p - 3 scrolls of torment
 q - 7 scrolls of blinking
 r - 3 scrolls of vulnerability
 s - 6 scrolls of summoning
 v - 7 scrolls of fog
 x - 3 scrolls of immolation
 J - 3 scrolls of noise
 M - 3 scrolls of silence {!r}
 R - 11 scrolls of identify
 S - 5 scrolls of revelation
 T - 11 scrolls of teleportation
Potions
 c - 2 potions of invisibility
 g - 5 potions of mutation
 j - a potion of heal wounds
 l - 8 potions of ambrosia
 n - 3 potions of resistance
 t - a potion of enlightenment
 z - 3 potions of might
 G - 6 potions of brilliance
 H - 2 potions of haste
 L - 4 potions of lignification
 Q - 12 potions of curing
 V - 4 potions of cancellation
 W - 5 potions of attraction
Miscellaneous
 d - a lightning rod (4/4)
 K - a phantom mirror
 U - a phial of floods
 X - a box of beasts


   Skills:
 + Level 20.2 Fighting
 - Level 18.0 Ranged Weapons
 + Level 16.4 Dodging
 - Level 0.7 Stealth
 + Level 14.4 Invocations
 - Level 12.0 Evocations


You had 20 spell levels left.
You didn't know any spells.
Your spell library contained the following spells:

 Spells                   Type           Power      Damage    Failure   Level
 Freeze                   Ice            0%         1d3       32%         1
 Magic Dart               Conj           0%         1d3       32%         1
 Necrotise                Necr           0%         1d4       32%         1
 Sandblast                Erth           0%         2d4       32%         1
 Shock                    Conj/Air       0%         1d3       32%         1
 Sting                    Conj/Alch      0%         1d3       32%         1
 Summon Small Mammal      Summ           0%         N/A       32%         1
 Blink                    Tloc           0%         N/A       43%         2
 Call Imp                 Summ           0%         N/A       43%         2
 Cigotuvi's Dreadful Rot  Necr/Alch/Air  0%         N/A       43%         2
 Ensorcelled Hibernation  Hex/Ice        0%         N/A       43%         2
 Lesser Beckoning         Tloc           0%         N/A       43%         2
 Mercury Vapours          Alch/Air       0%         N/A       43%         2
 Momentum Strike          Conj/Tloc      0%         3d8       43%         2
 Call Canine Familiar     Summ           0%         N/A       67%         3
 Dazzling Flash           Conj/Hex       0%         N/A       67%         3
 Frozen Ramparts          Ice            0%         1d1       67%         3
 Fugue of the Fallen      Necr           0%         N/A       67%         3
 Hailstorm                Conj/Ice       0%         3d5       67%         3
 Mephitic Cloud           Conj/Alch/Air  0%         N/A       67%         3
 Passwall                 Erth           0%         N/A       67%         3
 Sigil of Binding         Hex            0%         N/A       67%         3
 Stone Arrow              Conj/Erth      0%         3d7       67%         3
 Summon Ice Beast         Ice/Summ       0%         N/A       67%         3
 Swiftness                Air            0%         N/A       67%         3
 Vampiric Draining        Necr           0%         2d6       67%         3
 Volatile Blastmotes      Fire/Tloc      0%         2d10      67%         3
 Airstrike                Air            0%         2d(0-16)  97%         4
 Anguish                  Hex/Necr       0%         N/A       97%         4
 Animate Dead             Necr           0%         N/A       97%         4
 Brom's Barrelling Bould  Conj/Erth      0%         2d3       97%         4
 Cause Fear               Hex            0%         N/A       97%         4
 Dimensional Bullseye     Hex/Tloc       0%         N/A       97%         4
 Iskenderun's Mystic Bla  Conj/Tloc      0%         2d3       97%         4
 Leda's Liquefaction      Alch/Erth      0%         N/A       97%         4
 Manifold Assault         Tloc           0%         N/A       97%         4
 Martyr's Knell           Necr/Summ      0%         N/A       97%         4
 Olgreb's Toxic Radiance  Alch           0%         N/A       97%         4
 Petrify                  Alch/Erth      0%         N/A       97%         4
 Vhi's Electric Charge    Tloc/Air       0%         N/A       97%         4
 Alistair's Intoxication  Alch           0%         N/A       100%        5
 Arcjolt                  Conj/Air       0%         1d10      100%        5
 Borgnjor's Vile Clutch   Necr/Erth      0%         N/A       100%        5
 Curse of Agony           Necr           0%         N/A       100%        5
 Fireball                 Conj/Fire      0%         3d3       100%        5
 Freezing Cloud           Conj/Ice/Air   0%         6-21      100%        5
 Lee's Rapid Deconstruct  Erth           0%         3d4*      100%        5
 Metabolic Englaciation   Hex/Ice        0%         N/A       100%        5
 Silence                  Hex/Air        0%         N/A       100%        5
 Yara's Violent Unravell  Hex/Alch       0%         3d3       100%        5
 Bombard                  Conj/Erth      0%         9d1       100%        6
 Dispersal                Tloc           0%         N/A       100%        6
 Eringya's Noxious Bog    Alch           0%         4d6       100%        6
 Plasma Beam              Fire/Air       0%         2x1d10    100%        6
 Starburst                Conj/Fire      0%         6d3       100%        6
 Enfeeble                 Hex            0%         N/A       100%        7
 Haunt                    Necr/Summ      0%         N/A       100%        7
 Ozocubu's Refrigeration  Ice            0%         4d7       100%        7
 Spellforged Servitor     Conj/Summ      0%         N/A       100%        7
 Borgnjor's Revivificati  Necr           0%         N/A       100%        8
 Discord                  Hex            0%         N/A       100%        8
 Disjunction              Tloc           0%         N/A       100%        8
 Ignition                 Fire           0%         3d3       100%        8
 Infestation              Necr           0%         N/A       100%        8
 Lehudib's Crystal Spear  Conj/Erth      0%         10d2      100%        8
 Maxwell's Capacitive Co  Air            0%         ∞         100%        8
 Death's Door             Necr           0%         N/A       100%        9


Dungeon Overview and Level Annotations

Branches:
Dungeon (15/15)            Temple (1/1) D:4            Lair (5/5) D:10
 Shoals (4/4) Lair:2       Spider (4/4) Lair:3        Slime (0/5) Lair:4
    Orc (2/2) D:10            Elf (3/3) Orc:2        Vaults (3/5) D:13
  Crypt (0/3) Vaults:3     Depths (0/4) D:15          Sewer (visited)
Gauntlet (visited)

Altars:
Ashenzari
Cheibriados
Dithmenos
Elyvilon
Fedhas
Gozag
Hepliaklqana
Kikubaaqudgha
Makhleb
Nemelex Xobeh
Okawaru
Qazlal
Ru
Sif Muna
Trog
Uskayaw
Vehumet
Wu Jian
Xom
Yredelemnul
Zin
The Shining One

Shops:
D:1 :   D:3 (   D:7 [   D:11 [   D:15 *   Orc:1 *   Orc:2 [[(=*   Elf:1 ([[
Elf:2 (   Elf:3 (

Portals:
Trove: D:15 (give +4 ice dragon scales)

Annotations:
Shoals:1 2 transporters, exclusion: orange crystal statue
Spider:4 3 runed translucent doors, Sobieck's ghost, adept CoGl
Elf:2 3 runed translucent doors
Vaults:3 Mennas
Vaults:5 !NOGO


Innate Abilities, Weirdness & Mutations

You can wield a second weapon in your off-hand.
It takes a long time for you to wield or remove held weapons.
Your first few attacks do less damage.
Your first movements take longer.


Message History

Mennas hits you from afar with a +5 trishula of holy wrath! x2
* * * LOW HITPOINT WARNING * * *
Fire: e) +2 hand cannon (flame) {Kasem}
Press: ? - help, Q - select action Shift-Dir - straight line, f/p - Mennas
Aim: Mennas, wielding a +5 trishula of holy wrath and wearing a +0 tower shield (lightly wounded, haloed, 49% to hit)
You shoot a bolt. The bolt misses Mennas.
You shoot a bolt.
Mennas blocks the bolt.
Mennas completely misses you.
Mennas hits you from afar with a +5 trishula of holy wrath!!
* * * LOW HITPOINT WARNING * * *
Fire: e) +2 hand cannon (flame) {Kasem}
Press: ? - help, Q - select action Shift-Dir - straight line, f/p - Mennas
Aim: Mennas, wielding a +5 trishula of holy wrath and wearing a +0 tower shield (lightly wounded, haloed, 49% to hit)
You shoot a bolt.
Mennas blocks the bolt.
You shoot a bolt.
Mennas blocks the bolt.
You block Mennas's attack.
Mennas hits you from afar with a +5 trishula of holy wrath.
* * * LOW HITPOINT WARNING * * *
You feel more protected from physical attacks.
Mennas gestures frantically.
Mennas's surroundings become eerily quiet.
Unknown command.
Unknown command.
Mennas gestures at you.
Mennas hits you from afar with a +5 trishula of holy wrath!!
* * * LOW HITPOINT WARNING * * *
You feel more protected from physical attacks.
Mennas hits you from afar with a +5 trishula of holy wrath!!
* * * LOW HITPOINT WARNING * * *
You block Mennas's attack. Mennas hits you but does no damage.
Unknown command.
Unknown command.
Unknown command.
Mennas hits you but does no damage. x2
Unknown command.
You block Mennas's attack.
Mennas hits you from afar with a +5 trishula of holy wrath!!
* * * LOW HITPOINT WARNING * * *
You feel more protected from physical attacks.
Mennas attacks as he pursues you!
Mennas hits you from afar with a +5 trishula of holy wrath.
* * * LOW HITPOINT WARNING * * *
You feel more protected from physical attacks.
Mennas hits you from afar with a +5 trishula of holy wrath!
* * * LOW HITPOINT WARNING * * *
You feel more protected from physical attacks.
Unknown command.
You feel much better.
Mennas hits you from afar with a +5 trishula of holy wrath!!
You die...

).#....# ....
..)....# .. ..#....#
###....# #....#
#....# #.)..#
#....##############
###'#''##.⌠⌠⌠...@.A.#
........#.#######)#.#
......#.#.# #...#.#
........'.# #.#####.#
ß###ß...#.# #.[...'.#
##.##...#.# #######.#
#.>.#...#.# #.#
##.##...#.# #.'......
ß#.#ß...#.# +.'......


You could see Mennas (silencing).

Vanquished Creatures
  Arachne (Spider:4)
  2 deep elf blademasters (Elf:3)
  Polyphemus (Shoals:2)
  2 deep elf master archers (Elf:3)
  A daeva (Shoals:4)
  Roxanne (Shoals:1)
  A tengu reaver (Vaults:1)
  An emperor scorpion (Spider:3)
  A frost giant (D:15)
  4 deep elf elementalists (Elf:3)
  3 deep elf sorcerers
  9 vault wardens
  3 ghost moths
  2 broodmothers
  An orc warlord (Orc:2)
  9 ironbound preservers
  A very ugly thing (Vaults:1)
  A stone giant (Vaults:2)
  5 deep elf demonologists (Elf:3)
  A deep elf death mage (Elf:3)
  2 apis
  5 ironbound thunderhulks
  2 spark wasps (Spider:4)
  4 deep elf annihilators (Elf:3)
  7 dire elephants
  5 merfolk javelineers (Shoals:4)
  An ettin (Vaults:2)
  A fire dragon (Lair:5)
  2 deep elf high priests (Elf:3)
  13 merfolk impalers
  6 yaktaur captains
  4 entropy weavers
  6 hydras
  2 merfolk avatars
  2 ogre magi
  Fannar (Lair:1)
  2 vault guards (Vaults:1)
  Erica (Lair:1)
  A radroach (Spider:3)
  8 centaur warriors
  4 catoblepae
  7 merfolk aquamancers (Shoals:4)
  12 boulder beetles
  6 ironbound frosthearts
  A two-headed ogre (shapeshifter) (Vaults:2)
  8 death yaks
  20 dancing weapons
  6 tengu warriors
  10 demonic crawlers
  5 two-headed ogres
  2 satyrs
  A vampire mage (Vaults:3)
  9 orc high priests
  Nergalle (Orc:1)
  Sonja (Lair:3)
  A holy swine (Shoals:4)
  11 deep elf knights
  5 skysharks
  7 pharaoh ants
  8 sea snakes
  4 cherubim (Shoals:4)
  2 skeletal warriors
  A glowing orange brain (Vaults:2)
  3 sun moths (Spider:4)
  9 deep elf archers
  4 orb spiders
  15 harpies
  16 deep trolls
  8 steelbarb worms
  4 orc knights
  7 arcanists
  9 ironbound convokers
  9 lindwurms
  A shadow dragon zombie (Vaults:2)
  41 deep elf pyromancers
  A swamp dragon (Lair:5)
  28 deep elf zephyrmancers
  4 necromancers
  3 orc sorcerers (Orc:2)
  2 phantasmal warriors
  10 wolf spiders
  12 cyclopes
  2 stone giant zombies (Vaults:1)
  13 ugly things
  3 moths of wrath
  11 manticores
  8 fauns
  A kobold blastminer (Orc:2)
  2 human skeletons
  Joseph (Lair:1)
  An elf zombie (Vaults:3)
  A fire giant skeleton (Vaults:2)
  A stone giant skeleton (Vaults:2)
  4 water nymphs
  4 black mambas
  8 meliai
  6 merfolk sirens
  13 vault sentinels
  5 elephants (Lair:1)
  Maggie (D:8)
  4 gargoyles
  6 unseen horrors
  4 centaur skeletons (D:13)
  20 cane toads
  5 torpor snails
  A human zombie (Vaults:2)
  23 yaktaurs
  An elf skeleton (Vaults:1)
  2 kobold demonologists (D:12)
  3 rime drakes (Lair:5)
  3 tengu conjurers
  13 komodo dragons
  21 merfolk
  A hornet (Lair:1)
  9 trolls
  22 tarantellas
  3 wind drakes (Shoals:4)
  2 polar bears
  8 dream sheep
  Grinder (D:6)
  20 blink frogs
  24 jumping spiders
  5 snapping turtles
  6 slime creatures
  11 culicivoras
  An air elemental (Elf:2)
  3 water elementals
  4 wyverns
  3 shadows
  2 wraiths (D:13)
  24 yaks
  Eustachio (D:6)
  A hog (shapeshifter) (D:14)
  3 fire elementals
  7 steam dragons
  10 basilisks
  26 redbacks
  8 vampire mosquitoes
  3 wargs
  3 acid dragons
  15 water moccasins
  A swamp drake (Lair:5)
  An ice beast (D:7)
  30 orc warriors
  2 black bears (D:4)
  5 laughing skulls (Gauntlet)
  A sky beast (D:7)
  7 ogres
  15 centaurs
  17 wolves
  2 phantoms
  2 weeping skulls (Gauntlet)
  3 kobold brigands
  10 bullfrogs
  3 gnoll sergeants
  A glowing shapeshifter simulacrum (Vaults:3)
  6 scorpions
  6 wights
  17 killer bees
  2 howler monkeys
  2 electric eels
  A human simulacrum (Vaults:3)
  15 orc priests
  A gnoll bouda (D:5)
  2 jellies
  8 hounds
  3 sleepcaps
  Ijyb (D:5)
  5 iguanas
  20 orc wizards
  6 hell rats (Lair:1)
  20 gnolls
  7 adders
  A river rat (D:5)
  2 shadow imps
  A white imp (D:5)
  18 dart slugs
  2 ribbon worms (D:2)
  71 orcs
  8 bats
  13 endoplasms
  11 giant cockroaches
  7 hobgoblins
  8 jackals
  18 kobolds
  11 quokkas
  2 training dummies (D:6)
  13 ball pythons
  13 frilled lizards
  11 goblins
  4 rats
1296 creatures vanquished.

Vanquished Creatures (collateral kills)
  A minotaur (Gauntlet)
  A deep troll (Vaults:1)
2 creatures vanquished.

Vanquished Creatures (others)
  A deep elf knight (Elf:2)
1 creature vanquished.

Grand Total: 1299 creatures vanquished

Notes
Turn   | Place    | Note
-------+----------+-------------------------------------------
     0 | D:1      | Sobieck the Coglin Hunter began the quest for the Orb.
     0 | D:1      | Reached XP level 1. HP: 16/16 MP: 1/1
    54 | D:1      | Reached XP level 2. HP: 22/22 MP: 2/2
   229 | D:1      | Found Yxuth's Vocational Training.
   236 | D:1      | Reached XP level 3. HP: 28/28 MP: 3/3
   693 | D:2      | Reached XP level 4. HP: 27/34 MP: 4/4
  1043 | D:2      | Reached skill level 3 in Fighting
  1315 | D:3      | Reached XP level 5. HP: 41/41 MP: 5/5
  1315 | D:3      | Found a bloodstained altar of Trog.
  1391 | D:3      | Found Eguil's Weapon Shop.
  1638 | D:3      | Reached skill level 3 in Dodging
  1809 | D:4      | Noticed a phantom
  1818 | D:4      | Killed a phantom
  1819 | D:4      | Reached XP level 6. HP: 47/47 MP: 6/6
  2122 | D:4      | Noticed a black bear
  2128 | D:4      | Killed a black bear
  2129 | D:4      | Reached skill level 4 in Fighting
  2129 | D:4      | Reached XP level 7. HP: 49/54 MP: 7/7
  2131 | D:4      | Reached skill level 6 in Ranged Weapons
  2154 | D:4      | Found a staircase to the Ecumenical Temple.
  2181 | Temple   | Entered the Ecumenical Temple
  2204 | Temple   | Became a worshipper of Qazlal Stormbringer
  2621 | D:5      | Entered Level 5 of the Dungeon
  2674 | D:4      | Identified a scroll of acquirement
  2674 | D:4      | Acquired a +1 hand cannon of flaming
  2766 | D:5      | Noticed Ijyb
  2768 | D:5      | Killed Ijyb
  3026 | D:5      | Reached XP level 8. HP: 61/61 MP: 8/8
  3030 | D:5      | Reached * piety under Qazlal
  3244 | D:5      | Found a glowing drain.
  3248 | Sewer    | Entered a sewer
  3448 | Sewer    | Reached ** piety under Qazlal
  3498 | Sewer    | Reached skill level 5 in Fighting
  3750 | D:5      | Identified the +2 pair of boots "Ukoschoa" {Fly Will+ Int+7
                  | Dex-4}
  4152 | D:6      | Found a white marble altar of Elyvilon.
  4201 | D:6      | Reached XP level 9. HP: 69/69 MP: 9/9
  4215 | D:6      | Noticed Eustachio
  4221 | D:6      | Killed Eustachio
  4222 | D:6      | Reached skill level 6 in Fighting
  4273 | D:6      | Noticed Grinder
  4277 | D:6      | Killed Grinder
  4680 | D:7      | Found Taw Upuh's Armour Shoppe.
  4737 | D:7      | Reached skill level 9 in Ranged Weapons
  4793 | D:7      | Reached skill level 6 in Dodging
  4979 | D:7      | Reached *** piety under Qazlal
  5218 | D:7      | Found a shadowy altar of Dithmenos.
  5219 | D:7      | Found a shadowy altar of Dithmenos.
  5220 | D:7      | Found an ancient bone altar of Kikubaaqudgha.
  5220 | D:7      | Found a bloodstained altar of Trog.
  5226 | D:7      | Reached skill level 7 in Fighting
  5233 | D:7      | Noticed a deep elf pyromancer
  5238 | D:7      | Noticed a manticore
  5239 | D:7      | Killed a deep elf pyromancer
  5240 | D:7      | Reached XP level 10. HP: 79/79 MP: 10/10
  5247 | D:7      | Killed a manticore
  5249 | D:7      | Noticed a gargoyle
  5254 | D:7      | Noticed a two-headed ogre
  5257 | D:7      | Killed a gargoyle
  5262 | D:7      | Reached skill level 8 in Fighting
  5263 | D:7      | Killed a two-headed ogre
  5286 | D:7      | Killed an unseen horror
  5310 | D:7      | Killed an unseen horror
  5343 | D:7      | Identified the staff of the Well-Known Olives {rC+ Str+5
                  | Ice Earth}
  5345 | D:7      | Identified the amulet "Zotutsec" {Reflect Harm rN++ Regen+
                  | SH+5 Stlth-}
  5358 | D:7      | Identified the ring of Jevue {+Blink Dex+3 SInv}
  5362 | D:7      | Identified the +6 battleaxe of Luzehom {elec, ^Drain rN+
                  | Dex+2}
  5788 | D:8      | Reached skill level 9 in Fighting
  5799 | D:8      | Reached **** piety under Qazlal
  6158 | D:8      | Reached XP level 11. HP: 89/89 MP: 11/11
  6167 | D:8      | Reached skill level 12 in Ranged Weapons
  6444 | D:8      | Noticed Maggie
  6452 | D:8      | Killed Maggie
  6624 | D:9      | You are sucked into a shaft and drop 2 floors!
  6625 | D:11     | Noticed a tengu warrior
  6629 | D:11     | Noticed a tengu warrior
  6635 | D:11     | Killed a tengu warrior
  6649 | D:10     | Entered Level 10 of the Dungeon
  7303 | D:10     | Reached skill level 10 in Fighting
  7438 | D:10     | Found a staircase to the Lair.
  7447 | D:10     | Reached ***** piety under Qazlal
  7483 | D:10     | Found a staircase to the Orcish Mines.
  7882 | D:11     | Noticed a two-headed ogre
  7889 | D:10     | Killed a two-headed ogre
  7927 | D:11     | Noticed a manticore
  7936 | D:11     | Killed a manticore
  7943 | D:11     | Killed a tengu warrior
  7944 | D:11     | Reached XP level 12. HP: 89/99 MP: 12/12
  7978 | D:11     | Reached skill level 11 in Fighting
  8233 | D:11     | Found Kozisen's Antique Armour Shoppe.
  8243 | D:11     | Bought a glowing scarf for 264 gold pieces
  8546 | D:12     | Noticed a boulder beetle
  8567 | D:11     | Killed a boulder beetle
  8575 | D:12     | Noticed a centaur warrior
  8645 | D:12     | Reached skill level 15 in Ranged Weapons
  8665 | D:12     | Noticed a boulder beetle
  8671 | D:12     | Killed a boulder beetle
  8675 | D:12     | Killed a centaur warrior
  8752 | D:12     | Noticed a boulder beetle
  8753 | D:12     | Noticed a two-headed ogre
  8756 | D:12     | Noticed a boulder beetle
  8757 | D:12     | Killed a two-headed ogre
  8758 | D:12     | Reached skill level 12 in Fighting
  8765 | D:12     | Killed a boulder beetle
  8766 | D:12     | Reached XP level 13. HP: 107/108 MP: 13/13
  9218 | D:12     | Got the Omnibus of Galvanic Company
  9767 | D:13     | Reached ****** piety under Qazlal
 10285 | D:13     | Reached skill level 18 in Ranged Weapons
 10438 | D:13     | Reached skill level 1 in Evocations
 10590 | D:13     | Found a gate to the Vaults.
 10623 | D:13     | Found a broken altar of Ashenzari.
 10855 | D:14     | Reached skill level 1 in Invocations
 10869 | D:14     | Reached XP level 14. HP: 115/115 MP: 14/14
 11132 | D:14     | Reached skill level 3 in Evocations
 11666 | D:15     | Entered Level 15 of the Dungeon
 11735 | D:15     | Found Coaty's General Store.
 11740 | D:15     | Bought a scroll of enchant armour for 120 gold pieces
 11773 | D:15     | Found a portal to a secret trove of treasure.
 11835 | D:15     | Reached skill level 3 in Invocations
 11955 | D:15     | Found a shadowy altar of Dithmenos.
 12134 | D:15     | Noticed a frost giant
 12142 | D:15     | Killed a frost giant
 12150 | D:15     | Found a staircase to the Depths.
 12418 | Lair:1   | Entered Level 1 of the Lair of Beasts
 12424 | Lair:1   | Noticed Fannar
 12439 | Lair:1   | Killed Fannar
 12531 | Lair:1   | Found a gate leading to a gauntlet.
 12541 | Gauntlet | Entered a Gauntlet
 12541 | Gauntlet | Found a transporter.
 12541 | Gauntlet | Found a transporter.
 12541 | Gauntlet | Found a transporter.
 12541 | Gauntlet | Found a transporter.
 12545 | Gauntlet | Found a transporter.
 12558 | Gauntlet | Found a transporter.
 12626 | Gauntlet | Found a transporter.
 12642 | Gauntlet | Found a transporter.
 12652 | Gauntlet | Found a transporter.
 12664 | Gauntlet | Found a transporter.
 12677 | Gauntlet | Found a transporter.
 12683 | Gauntlet | Found a transporter.
 12836 | Gauntlet | Identified the amulet "Moaxut" {Spirit Will- Str+2 Int+4}
 12838 | Gauntlet | Identified the ring of Valah {rN++ Will+ Dex+4 Stlth+}
 13042 | Gauntlet | Identified the +1 robe of the Snail {+Blink Archmagi}
 13046 | Gauntlet | Got the Dissertation on Arcane Combat and the Pestle
 13120 | Lair:1   | Noticed Joseph
 13124 | Lair:1   | Killed Joseph
 13533 | Lair:1   | Noticed Erica
 13538 | Lair:1   | Killed Erica
 13867 | Lair:2   | Reached skill level 6 in Evocations
 13944 | Lair:2   | Found a staircase to the Shoals.
 14010 | Lair:2   | Identified the +0 leather armour "Lyobuqor" {Dex+4}
 14539 | Lair:2   | Acquired a +5 hand cannon of electrocution
 14637 | Lair:3   | You are sucked into a shaft and drop 2 floors!
 14637 | Lair:5   | Entered Level 5 of the Lair of Beasts
 14641 | Lair:5   | Reached skill level 6 in Invocations
 14644 | Lair:5   | Reached skill level 13 in Fighting
 14644 | Lair:5   | Reached XP level 15. HP: 123/123 MP: 19/19
 14833 | Lair:4   | Found the +12 glaive of Prune {freeze, Prune}
 14932 | Lair:3   | Found a hole to the Spider Nest.
 14984 | Lair:3   | Noticed Sonja
 14986 | Lair:3   | Killed Sonja
 15171 | Lair:3   | Identified the ring "Azas" {rF+ rC+ rCorr}
 16177 | Lair:4   | Found a staircase to the Slime Pits.
 17136 | Lair:5   | Reached skill level 9 in Evocations
 17202 | Lair:5   | Identified the +7 sling "Vav Adghu" {elec, ^Contam Will+
                  | Dex+2}
 17484 | Orc:1    | Entered Level 1 of the Orcish Mines
 17715 | Orc:2    | Entered Level 2 of the Orcish Mines
 17738 | Orc:1    | Reached skill level 9 in Dodging
 17792 | Orc:2    | Reached XP level 16. HP: 132/132 MP: 5/22
 17929 | Orc:1    | Noticed Nergalle
 17938 | Orc:1    | Killed Nergalle
 17968 | Orc:1    | Found Peiph's Gadget Gallery.
 18048 | Orc:2    | Found Goenkemm's General Store.
 18170 | Orc:2    | Found a staircase to the Elven Halls.
 18276 | Orc:2    | Found Renohidgh's Antique Weapon Boutique.
 18303 | Orc:2    | Reached skill level 14 in Fighting
 18306 | Orc:2    | Reached skill level 9 in Invocations
 18366 | Orc:2    | Found Cavof's Jewellery Shoppe.
 18425 | Orc:2    | Found Etsyamm's Antique Armour Shoppe.
 18447 | Orc:2    | Found Ecsonoid's Antique Armour Emporium.
 18656 | Orc:2    | Identified the ring "Myevoij" {rC+ rN+ Stlth+}
 18770 | Orc:1    | Bought a phantom mirror for 480 gold pieces
 18770 | Orc:1    | Bought a box of beasts for 480 gold pieces
 18770 | Orc:1    | Bought a phial of floods for 480 gold pieces
 18917 | Spider:1 | Entered Level 1 of the Spider Nest
 21275 | Spider:4 | Entered Level 4 of the Spider Nest
 21321 | Spider:4 | Reached XP level 17. HP: 123/140 MP: 24/24
 21727 | Spider:4 | Reached skill level 12 in Evocations
 21770 | Spider:4 | Reached skill level 15 in Fighting
 21811 | Spider:4 | Noticed Arachne
 21818 | Spider:4 | Killed Arachne
 21961 | Spider:4 | Got a gossamer rune of Zot
 22325 | Spider:4 | Found a runed translucent gate.
 22325 | Spider:4 | Found a runed translucent gate.
 22325 | Spider:4 | Found a runed translucent gate.
 22326 | Spider:4 | Noticed Sobieck's ghost (adept CoGl)
 22625 | Shoals:1 | Entered Level 1 of the Shoals
 22832 | Shoals:1 | Found the +3 Mad Mage's Maulers {Infuse+∞ VampMP -Cast}
 22836 | Shoals:1 | Found a transporter.
 23107 | Shoals:1 | Noticed Roxanne
 23116 | Shoals:1 | Killed Roxanne
 23125 | Shoals:1 | Found a transporter.
 23367 | Shoals:2 | Noticed Polyphemus
 23409 | Shoals:2 | Killed Polyphemus
 23448 | Shoals:2 | Reached skill level 12 in Invocations
 24169 | Shoals:3 | Reached XP level 18. HP: 151/151 MP: 27/27
 24210 | Shoals:3 | Reached skill level 16 in Fighting
 24802 | Shoals:4 | Entered Level 4 of the Shoals
 24813 | Shoals:3 | Reached skill level 12 in Dodging
 25042 | Shoals:4 | Identified the +11 orcbow of Giza {heavy, Str+3 Int+2}
 25065 | Shoals:4 | Found a glowing silver altar of Zin.
 25129 | Shoals:4 | Identified the ring "Paviuh" {rC+ Str+3}
 25132 | Shoals:4 | Reached skill level 17 in Fighting
 25150 | Shoals:4 | Found a glowing golden altar of the Shining One.
 25477 | Shoals:4 | Found a white marble altar of Elyvilon.
 25494 | Shoals:4 | Got the Exposition on the Hot Valley
 25814 | Shoals:4 | Got a barnacled rune of Zot
 26011 | Elf:1    | Entered Level 1 of the Elven Halls
 26212 | Elf:1    | Reached XP level 19. HP: 162/162 MP: 28/28
 26229 | Elf:1    | Reached skill level 18 in Fighting
 26241 | Elf:1    | Found Vuji's Armour Shop.
 26342 | Elf:1    | Got the Collected Works on Spawned Assaults
 26346 | Elf:1    | Got the Vellum of Nocuous Geomancy
 26432 | Elf:1    | Found Weerphud's Antique Weapon Shop.
 26450 | Elf:1    | Found Yrekhyucs's Antique Armour Boutique.
 27264 | Elf:2    | Found Mejetaaz's Antique Weapon Shop.
 27358 | Elf:2    | Found a runed translucent gate.
 27359 | Elf:2    | Found a runed translucent gate.
 27359 | Elf:2    | Found a runed translucent gate.
 27560 | Elf:3    | Entered Level 3 of the Elven Halls
 27703 | Elf:3    | Noticed an Ice Fiend
 27707 | Elf:3    | Noticed a Brimstone Fiend
 28237 | Elf:3    | Reached skill level 15 in Dodging
 28252 | Elf:3    | Got the Omnibus of Unhallowed Magic
 28287 | Elf:3    | Got Sif Muna's Codex of the Jinxed Geologist
 28553 | Elf:3    | Found Xofop's Weapon Shoppe.
 28942 | Vaults:1 | Entered Level 1 of the Vaults
 29128 | Vaults:1 | Reached skill level 19 in Fighting
 29270 | Vaults:1 | Reached XP level 20. HP: 174/174 MP: 29/29
 30105 | Vaults:1 | Identified the amulet "Cybrev" {Faith ^Contam +Blink rPois
                  | Str+3}
 30133 | Vaults:1 | Identified the +3 dagger of the Unstoppable Moons {pain,
                  | Str+3}
 30141 | Vaults:1 | Identified the ring of Xom's Fair Game {Will+ Dex+2}
 30142 | Vaults:1 | Identified the +1 ring mail of Inevitability {rC+ Str+2}
 30544 | Vaults:2 | Identified the +9 shortbow "Uwahi" {freeze, rCorr}
 31547 | Vaults:2 | Reached skill level 20 in Fighting
 31838 | Vaults:3 | Reached XP level 21. HP: 183/183 MP: 31/31
 31861 | Vaults:3 | Found a staircase to the Crypt.
 31887 | Vaults:3 | Identified the +0 leather armour "Suettuac" {rC+}
 32111 | Vaults:3 | Noticed Mennas
 32126 | Vaults:3 | HP: 2/183 [Mennas/+5 trishula of holy wrath (14)]
 32127 | Vaults:3 | Slain by Mennas

Illustrated notes

Levels and vault maps discovered:
D:1:      mrwooster_arrival_statue_2, layout_loops_cross,
          nicolae_shop_vocational
D:2:      layout_basic, supply_closet_lemuel
D:3:      layout_rooms, trog_three_pillars_becter, serial_shops,
          nicolae_shop_bloodbath_and_beyond
D:4:      layout_loops_cross, minmay_temple_entry_hall
D:5:      layout_basic, gup_sewer_entry_bowl, serial_curves, eino_curves_02,
          eino_curves_02, dreamdust_wishing_well, nrook_pool_corridor,
          nicolae_zen_rock_garden, minmay_misc_feat_columns, uniq_ijyb
D:6:      dreamdust_elfheim, layout_rooms,
          mainiacjoe_overflow_concentric_impassable, uniq_grinder,
          uniq_eustachio
D:7:      minmay_the_grid_octo_2x2 [minmay_the_grid_octo_tetromino_candy,
          minmay_the_grid_octo_shrine, minmay_the_grid_octo_empty,
          minmay_the_grid_octo_prize_star], layout_basic, serial_shops, shop,
          minmay_misc_feat_pillars
D:8:      layout_rooms, nrook_loot_triangle, eino_jars, uniq_maggie
D:9:      layout_loops_ring
D:10:     layout_basic, erik_lair_island, david_orc_3
D:11:     layout_rooms, serial_shops, nicolae_square_shop,
          portal_ice_cave_entry_pillars_1, hangedman_corner_corridor
D:12:     cheibrodos_ideogram_h, layout_irregular_city
D:13:     layout_basic, hangedman_vaults_entry_quadrant_bands,
          cheibrodos_ashenzari_chains
D:14:     layout_basic, minmay_misc_feat_doors
D:15:     grunt_enter_depths_snipers, layout_basic, serial_shops,
          nicolae_shop_stone, minmay_misc_feat_diagonals,
          nicolae_trove_entry_isolated, grunt_dithmenos_shadows
Temple:   mainiacjoe_temple_big_plus
Lair:1:   layout_regular_city, gauntlet_entry_generic, uniq_fannar, uniq_joseph,
          uniq_erica
Lair:2:   layout_small_grid, nicolae_shoals_entry_roost,
          nicolae_quartered_pool_medium
Lair:3:   layout_layer_cave, nicolae_spider_entry_lesser_pyramids,
          beast_lair_carwin_6, uniq_sonja
Lair:4:   layout_loops_ring, dpeg_slime_entry_enclosed, grunt_megastairs_2
Lair:5:   guppyfry_lair_end_dragon, layout_regular_city,
          hangedman_lair_in_review
Shoals:1: gammafunk_sealed_arena, layout_shoals, uniq_roxanne
Shoals:2: nicolae_shoals_island_circles, layout_shoals, uniq_polyphemus
Shoals:3: layout_shoals, nicolae_shoals_isolated_beach
Shoals:4: shoals_end_hellmonk_holy_island
Spider:1: layout_spider_delve
Spider:2: layout_spider_delve, hangedman_spider_tarantella_strand
Spider:3: layout_cave_pods
Spider:4: hellmonk_spider_rune_bug_friends, gammafunk_ghost_necromancy,
          uniq_arachne
Orc:1:    layout_caves, serial_shops, shop_fountains, nicolae_shop_gadgets,
          uniq_nergalle
Orc:2:    grunt_orc_gardens, layout_caves, grunt_orc_garden, grunt_orc_garden,
          grunt_orc_garden, grunt_orc_garden, serial_shops, nicolae_shop_trees,
          minmay_orc_keep
Elf:1:    nicolae_elf_arrival_no_cutting_in_line, layout_geoelf_grid,
          serial_shops, shop, shop, nicolae_shop_tiny_real_fake_doors,
          minmay_elf_sorcery
Elf:2:    nicolae_elf_blades_crystal_corner, layout_loops_cross, serial_shops,
          shop, dreamdust_princess_bridge, nicolae_elf_m_pinch, uniq_saint_roka
Elf:3:    elf_hall_gauntlet_narrow, layout_gridlike, serial_shops, shop,
          nicolae_twisty_statue_hallways
Vaults:1: vaults_standard_mumra_enter_the_diamond,
          nicolae_vaults_storing_the_good_stuff, v_misc_17,
          nicolae_vaults_trapezoid_1, nicolae_vaults_trapezoid_lopsided_1,
          v_misc_18, vaults_standard_mumra_x, layout_vaults_omnigrid
Vaults:2: vaults_room_pools, nicolae_vaults_inception_scallops,
          vaults_mumra_hexcomb, nicolae_vaults_diamond_2,
          nicolae_vaults_lightning_bolt,
          serial_library_regret_index_small_wings,
          nicolae_vaults_crenellated_ambush, nicolae_vaults_storage_room_water,
          nicolae_vaults_spaceships, nicolae_vaults_house_3, vaults_dpeg_hooks,
          vaults_mumra_lcd, nicolae_vaults_tetromino_Z_2, v_alt_pattern_6,
          nicolae_vaults_ellipses_ellipsis, ontoclasm_vaults_ring_square,
          vaults_room_hallway, v_misc_30, vaults_dpeg_doors,
          nicolae_vaults_trapezoid_lopsided_1, layout_vaults_omnibox
Vaults:3: ontoclasm_vaults_misaligned, minmay_crypt_entry_simple_statues,
          nicolae_vaults_closet_pinwheel_6, nicolae_vaults_murder_corner,
          nicolae_vaults_octothorpe, nicolae_vaults_offset_grid_hallway_4,
          nicolae_vaults_doubleplus_tesselated, dpeg_vaults_monster_row,
          hangedman_vaults_slice, nicolae_vaults_border_crossing,
          nicolae_vaults_wine_cellar, layout_vaults_omnicross, uniq_mennas

Skill      XL: |  1  2  3  4  5  6  7  8  9 10 11 12 13 14 15 16 17 18 19 20 |
---------------+-------------------------------------------------------------+-----
Dodging        | 2 3 4 5 6 7 9 10 11 13 15 16 | 16.4
Ranged Weapons | 4 5 6 8 10 11 13 15 18 | 18.0
Fighting       | 3 4 5 7 9 10 12 13 14 15 17 19 20 | 20.2
Evocations     | 1 6 9 11 12 | 12.0
Invocations    | 1 6 8 10 12 13 14 | 14.4
Stealth        | |  0.7

Action                     |  1- 3 |  4- 6 |  7- 9 | 10-12 | 13-15 | 16-18 | 19-21 || total
---------------------------+-------+-------+-------+-------+-------+-------+-------++-------
   Fire: Shortbow          |    81 |    63 |       |       |       |       |       ||   144
         Sling             |       |   192 |   259 |   377 |   385 |       |       ||  1213
         Hand cannon       |       |       |   217 |   377 |   883 |  1602 |  1118 ||  4197
 Invoke: Elemental Force   |       |       |       |       |     2 |       |     2 ||     4
         Upheaval          |       |       |       |       |     2 |       |     1 ||     3
         Disaster Area     |       |       |       |       |     2 |       |     1 ||     3
    Use: Scroll            |       |       |    15 |     6 |    11 |     6 |     1 ||    39
         Potion            |       |       |       |     2 |     4 |     1 |     1 ||     8
 Armour: Leather armour    |    15 |    27 |    34 |       |       |       |       ||    76
         Steam dragon scal |       |       |    10 |   120 |       |       |       ||   130
         Troll leather arm |       |       |       |     1 |    89 |   160 |    85 ||   335
  Dodge: Dodged            |    26 |    42 |    67 |   182 |   134 |   283 |    92 ||   826
         Repelled          |       |       |       |     2 |     2 |     9 |     4 ||    17
  Block: Other             |       |       |     8 |    69 |    87 |   145 |    51 ||   360
         Reflection        |       |       |       |     8 |    31 |    30 |    21 ||    90

Table legend: (Time is in decaauts)
 A = Elapsed time spent in this place.
 B = Non-inter-level travel time spent in this place.
 C = Inter-level travel time spent in this place.
 D = Time resting spent in this place.
 E = Time spent auto-exploring this place.
 F = Levels seen in this place.
 G = Mean time per level.
                   A        B        C        D        E       F      G
               +--------+--------+--------+--------+--------+-----+--------+
         Total |  33511 |  30952 |   2559 |   2852 |  19850 |  39 |  859.3 |
       Dungeon |  12702 |  11760 |    942 |   1344 |   7590 |  15 |  846.8 |
        Temple |     47 |      1 |     46 |      0 |      0 |   1 |   47.0 |
          Lair |   4889 |   4493 |    396 |     23 |   3761 |   5 |  977.8 |
        Shoals |   3386 |   3094 |    292 |    242 |   1988 |   4 |  846.5 |
   Spider Nest |   3758 |   3444 |    314 |    174 |   2141 |   4 |  939.5 |
  Orcish Mines |   1484 |   1274 |    210 |    222 |    726 |   2 |  742.0 |
   Elven Halls |   2954 |   2697 |    257 |    190 |   1609 |   3 |  984.7 |
        Vaults |   3327 |   3227 |    100 |    518 |   1875 |   3 | 1109.0 |
         Sewer |    423 |    423 |      0 |     50 |      0 |   1 |  423.0 |
      Gauntlet |    537 |    537 |      0 |     89 |    160 |   1 |  537.0 |
               +--------+--------+--------+--------+--------+-----+--------+

Top non-repeatable levels by time:
Vaults:1: 1543 daAuts
  Lair:3: 1303 daAuts
    D:12: 1257 daAuts
Vaults:2: 1247 daAuts
Spider:3: 1207 daAuts
     D:7: 1183 daAuts
   Elf:3: 1167 daAuts
    D:13: 1167 daAuts
Spider:4: 1090 daAuts
   Elf:1: 1088 daAuts
Shoals:4: 1006 daAuts
  Lair:5: 994 daAuts
     D:4: 964 daAuts
  Lair:2: 937 daAuts
     D:5: 915 daAuts
